 Dungeon Crawl Stone Soup version 0.29.0-4-gdea44cf6ec (webtiles) character file.

Game seed: 1313778663860203218

1 ImASeal the Ducker (level 1, 0/20 HPs)
             Began as a Gnoll Wanderer on Aug 27, 2022.
             Slain by a goblin
             ... wielding a +0 dagger
              (3 damage)
             ... on level 1 of the Dungeon.
             The game lasted 00:02:28 (73 turns).

ImASeal the Ducker (Gnoll Wanderer)                   Turns: 73, Time: 00:02:28

Health: 0/20       AC:  3    Str:  9    XL:     1   Next: 20%
Magic:  4/4        EV: 14    Int: 11    God:
Gold:   0          SH:  0    Dex: 13    Spells: 4/5 levels left

rFire   . . .      SeeInvis .   a - +0 dagger
rCold   . . .      Faith    .   (no shield)
rNeg    . . .      Spirit   .   c - +0 robe
rPois   .          Reflect  .   (no helmet)
rElec   .          Harm     .   (no cloak)
rCorr   .          Rampage  .   (no gloves)
Will    .....                   b - +0 pair of boots
Stlth   ++........              (no amulet)
HPRegen 0.06/turn               (no ring)
MPRegen 0.09/turn               (no ring)

@: no status effects
A: fangs 1, strong nose, distributed training
a: no special abilities


You were on level 1 of the Dungeon.
You visited 1 branch of the dungeon, and saw 1 of its levels.

Inventory:

Hand Weapons
 a - a +0 dagger (weapon)
Armour
 b - a +0 pair of boots (worn)
 c - a +0 robe (worn)
Scrolls
 d - 2 scrolls of teleportation


   Skills:
 + Level 4.4 Fighting
 + Level 0.0 Short Blades
 + Level 0.0 Long Blades
 + Level 0.0 Axes
 + Level 0.0 Maces & Flails
 + Level 0.0 Polearms
 + Level 0.0 Staves
 + Level 0.0 Ranged Weapons
 + Level 0.0 Throwing
 + Level 0.0 Armour
 + Level 6.4 Dodging
 + Level 2.1 Stealth
 + Level 0.0 Shields
 + Level 0.0 Unarmed Combat
 + Level 2.6 Spellcasting
 + Level 0.0 Conjurations
 + Level 0.0 Hexes
 + Level 0.0 Summonings
 + Level 5.3 Necromancy
 + Level 0.0 Translocations
 + Level 0.0 Transmutations
 + Level 0.0 Fire Magic
 + Level 0.0 Ice Magic
 + Level 0.0 Air Magic
 + Level 0.0 Earth Magic
 + Level 0.0 Poison Magic
 + Level 0.0 Invocations
 + Level 0.0 Evocations


You had 4 spell levels left.
You knew the following spells:

 Your Spells              Type           Power      Damage    Failure   Level
a - Necrotise             Necr           52%        1d6       3%          1

Your spell library contained the following spells:

 Spells                   Type           Power      Damage    Failure   Level
 Sublimation of Blood     Necr           13%        N/A       4%          2
 Vampiric Draining        Necr           13%        2d6       10%         3


Dungeon Overview and Level Annotations

Branches:
Dungeon (1/15)

Altars:


Innate Abilities, Weirdness & Mutations

You have very sharp teeth.
Your uncanny sense of smell can sniff out nearby items.
Your experience applies equally to all skills.


Message History

The quokka is moderately wounded.
The quokka closely misses you.
You closely miss the quokka.
The quokka is moderately wounded.
The quokka barely misses you.
You hit the quokka but do no damage.
The quokka is moderately wounded.
The quokka barely misses you.
You closely miss the quokka.
The quokka is moderately wounded.
The quokka misses you.
You barely miss the quokka.
The quokka is moderately wounded.
The quokka misses you.
The quokka bites you but does no damage.
The quokka attacks as you move away! The quokka closely misses you. x2
The quokka attacks as you move away! The quokka bites you.
A gnoll comes into view. It is wielding a +0 spear.
Found a mace.
The gnoll shouts!
A kobold comes into view. It is wielding a +0 whip.
The quokka barely misses you. The goblin hits you but does no damage.
The quokka attacks as you move away! The quokka closely misses you.
The quokka barely misses you. The quokka attacks as you move away!
The quokka bites you.
* * * LOW HITPOINT WARNING * * *
The quokka attacks as you move away! The quokka closely misses you.
There is a staircase leading out of the dungeon here.
The quokka attacks as you move away! The quokka barely misses you.
The quokka attacks as you move away! The quokka closely misses you.
The quokka attacks as you move away! The quokka barely misses you.
The quokka bites you.
* * * LOW HITPOINT WARNING * * *
The quokka attacks as you move away! The quokka closely misses you.
The quokka misses you. The quokka attacks as you move away!
The quokka misses you.
A kobold comes into view. It is wielding a +0 dagger.
Found a fuming coppery potion.
The goblin hits you with a +0 dagger.
You die...

. #.###.# ..... #.....#
###.#.#.### # ∆
#.........# .#
####.#r#.#.#.###.#
#......#.#.......#
##.#r###.###.#.###
#rg....<......#
#@#.###.###.#.###K
#...........#.#r.......g
#.....###.#.#.#.#.###.##
#..... #..)......# ...
#.... ###.#.#.### ##
.!.K. #.....# ####
#.###.# ## ##. .


You could see a quokka, a goblin, a kobold (asleep) and 2 rats.

Vanquished Creatures
  A ball python (D:1)
  A frilled lizard (D:1)
2 creatures vanquished.

Notes
Turn   | Place    | Note
-------+----------+-------------------------------------------
     0 | D:1      | ImASeal the Gnoll Wanderer began the quest for the Orb.
     0 | D:1      | ImASeal set off with the following items: a +0 dagger, a +0
                  | pair of boots, a +0 robe, 2 scrolls of teleportation; and
                  | the following spell memorised: Necrotise; and the following
                  | spells available to memorise: Sublimation of Blood,
                  | Vampiric Draining.
     0 | D:1      | Reached XP level 1. HP: 20/20 MP: 4/4
    73 | D:1      | Slain by a goblin

Illustrated notes

Levels and vault maps discovered:
D:1:      roderic_chinese_lattice_arrival, layout_rooms,
          ebering_ecumenical_altar_abandoned

Action                   || total
-------------------------++-------
Melee: Dagger            ||    18
       Bite              ||     1
Armor: Robe              ||     4
Dodge: Dodged            ||    32
